 Dungeon Crawl Stone Soup version 0.31-a0-150-g89dc3ad700 (webtiles) character file.

Game seed: 3114941146506859584

12581 qw the Marksminotaur (level 11, -7/101 HPs)
             Began as a Minotaur Hunter on June 8, 2023.
             Was an Elder of Okawaru.
             Mangled by a death yak (16 damage)
             ... on level 2 of the Lair of Beasts.
             The game lasted 00:04:22 (10389 turns).

qw the Marksminotaur (Minotaur Hunter)             Turns: 10389, Time: 00:04:23

Health: -7/101     AC: 16    Str: 17    XL:     11   Next: 64%
Magic:  13/13      EV: 15    Int:  6    God:    Okawaru [****..]
Gold:   619        SH:  0    Dex: 17    Spells: 10/10 levels left

rFire   . . .        Y - +0 orcbow
rCold   . . .        (shield currently unavailable)
rNeg    . . .        d - +2 leather armour {rPois}
rPois   +            (helmet restricted)
rElec   .            c - +2 cloak
rCorr   .            o - +1 pair of gloves
SInv    .            q - +0 pair of boots
Will    .....        (no amulet)
Stlth   ++           j - +4 ring of protection
HPRegen 0.36/turn    (no ring)
MPRegen 0.13/turn

%: no passive effects
@: about to teleport
A: horns 2, retaliatory headbutt
a: Renounce Religion, Heroism, Finesse


You were on level 2 of the Lair of Beasts.
You worshipped Okawaru.
Okawaru was greatly pleased with you.
You visited 3 branches of the dungeon, and saw 12 of its levels.

You collected 679 gold pieces.
You spent 60 gold pieces at shops.


Innate Abilities, Weirdness & Mutations

You have a pair of horns on your head.
You reflexively headbutt those who attack you in melee.


   Skills:
 + Level 10.3 Fighting
 - Level 16.2 Ranged Weapons
 - Level 4.1 Armour
 - Level 7.0 Dodging
 - Level 0.7 Stealth
 + Level 4.4 Invocations


You had 10 spell levels left.
You didn't know any spells.
Your spell library was empty.

Inventory:

Hand Weapons
 Y - a +0 orcbow (weapon)
Armour
 c - a +2 cloak (worn)
 d - a +2 leather armour of poison resistance (worn)
 n - +0 steam dragon scales
 o - a +1 pair of gloves (worn)
 q - a +0 pair of boots (worn)
Jewellery
 g - the ring of the Hurling Coward {Ice Int+4}
   (You took it off an orc on level 9 of the Dungeon)

   [ring of ice]

   It enhances your ice magic.
   Int:       It affects your intelligence (+4).
   rF:        It makes you vulnerable to fire.
   rC:        It protects you from cold.
 j - a +4 ring of protection (left hand)
Scrolls
 k - 2 scrolls of identify
Potions
 a - a potion of mutation
 e - 7 potions of curing
 f - a potion of magic
 h - a potion of haste {unknown}
 i - a potion of might {unknown}
 l - a potion of attraction {unknown}
 m - a potion of cancellation {unknown}
 p - a potion of ambrosia {unknown}

Dungeon Overview and Level Annotations

Branches:
Dungeon (9/15)             Temple (1/1) D:4            Lair (2/5) D:9
 Shoals (0/4) Lair:2
  Snake: Lair:2-3    Spider: Lair:2-3       Orc: D:9-12

Altars:
Ashenzari
Cheibriados
Dithmenos
Elyvilon
Fedhas
Gozag
Hepliaklqana
Kikubaaqudgha
Makhleb
Nemelex Xobeh
Okawaru
Qazlal
Ru
Sif Muna
Trog
Uskayaw
Vehumet
Wu Jian
Xom
Yredelemnul
Zin
The Shining One

Shops:
D:2 !

Annotations:
D:6 3 runed translucent doors, qw's ghost, amateur GrFi
D:7 2 transporters


Message History

The black mamba completely misses you. The death yak barely misses you.
You shoot an arrow.
The arrow hits the black mamba but does no damage.
The black mamba is heavily wounded.
The black mamba barely misses you. The black mamba misses you.
You furiously retaliate!
You headbutt the black mamba! The death yak gores you.
The death yak completely misses you.
You can no longer speed up your combat.
You shoot an arrow. The arrow hits the black mamba!
The black mamba is almost dead.
The black mamba bites you.
You shoot an arrow. The arrow hits the black mamba!!
You kill the black mamba!
Okawaru accepts your kill.
You can now speed up your combat.
The death yak completely misses you. You furiously retaliate!
You headbutt the death yak. The death yak gores you!
The death yak gores you but does no damage.
The blink frog closely misses you. You furiously retaliate!
You headbutt the blink frog, but do no damage.
You shoot an arrow.
The arrow closely misses the blink frog.
The blink frog blinks!
The blink frog hits you but does no damage.
The death yak gores you.
The death yak gores you but does no damage.
The death yak gores you. The death yak gores you! The blink frog hits you!
10388 ||| READING scroll of teleportation.
As you read the scroll of teleportation, it crumbles to dust.
You feel strangely unstable. The blink frog misses you.
The blink frog hits you.
The blink frog blinks!
The death yak gores you but does no damage.
The death yak closely misses you. You furiously retaliate!
You headbutt the death yak! The death yak completely misses you. x2
10389 ||| DRINKING potion of heal wounds.
You feel much better.
You feel like a meek peon again. The blink frog completely misses you.
You furiously retaliate!
You headbutt the blink frog! The rime drake bites you. The death yak gores you!
The death yak misses you. The death yak gores you! x2
You die...

#. #.## ###### . #. #..
##..#.# ##... .# #.##
##.#..Y#......
.####..####....F@Yl.....
........P......kYY.....#
............F...........
.....................<..
........%..........F....
........................
..............>.........
........................
..(................


You could see 4 death yaks, a komodo dragon, 3 blink frogs and a rime drake.

Vanquished Creatures
  A hydra (Lair:2)
  A boulder beetle (Lair:2)
  A skyshark (Lair:2)
  An oklob plant (Lair:1)
  2 black mambas (Lair:2)
  3 cane toads
  A komodo dragon (D:9)
  A troll (D:7)
  2 wyverns (Lair:1)
  17 yaks
  A basilisk (Lair:1)
  3 steam dragons
  An acid dragon (D:9)
  4 water moccasins
  2 orc warriors
  3 black bears (D:9)
  An ogre (D:4)
  3 centaurs
  4 phantoms
  2 kobold brigands
  12 bullfrogs
  7 scorpions
  25 wights
  6 killer bees (D:9)
  4 howler monkeys
  5 hounds
  An orc priest (D:8)
  2 gnoll boudas (D:5)
  2 sleepcaps (D:6)
  4 iguanas
  6 gnolls
  6 adders
  2 shadow imps
  An ufetubus (D:4)
  A worm (D:5)
  3 dart slugs
  43 orcs
  6 endoplasms
  3 giant cockroaches
  13 goblins
  3 hobgoblins
  9 jackals
  6 quokkas
  6 ball pythons
  4 bats
  12 frilled lizards
  18 kobolds
  11 rats
275 creatures vanquished.

Notes
Turn   | Place    | Note
-------+----------+-------------------------------------------
     0 | D:1      | qw the Minotaur Hunter began the quest for the Orb.
     0 | D:1      | Reached XP level 1. HP: 18/18 MP: 0/0
     0 | D:1      | 0 ||| qw: Version: 0.2-a-119-g0488c42
     0 | D:1      | 0 ||| qw: Game counter: 2734
     0 | D:1      | 0 ||| qw: Always use a shield: true
     0 | D:1      | 0 ||| qw: God list: Okawaru
     0 | D:1      | 0 ||| qw: Allow faded altars: false
     0 | D:1      | 0 ||| qw: Do Orc after D:15 true
     0 | D:1      | 0 ||| qw: Do second Lair branch before Depths: true
     0 | D:1      | 0 ||| qw: Lair rune preference: random
     0 | D:1      | 0 ||| qw: Plans: Normal
     0 | D:1      | 0 ||| PLANNING D:1-11
   130 | D:1      | Reached XP level 2. HP: 25/25 MP: 1/1
   134 | D:1      | Reached skill level 5 in Ranged Weapons
   271 | D:1      | Reached skill level 3 in Fighting
   505 | D:1      | Reached XP level 3. HP: 31/31 MP: 2/2
   781 | D:1      | 781 ||| UPGRADING to +4 ring of protection.
   782 | D:1      | 782 ||| READING 2 scrolls labelled CERUGH MILIA.
   783 | D:1      | 783 ||| READING scroll labelled GUZAEG GUCUSY.
   784 | D:1      | 784 ||| READING 2 scrolls labelled HUROMI MOATIE.
   785 | D:1      | 785 ||| READING scroll labelled PUVOEN YSADOXA.
   786 | D:1      | 786 ||| DROPPING scroll of butterflies.
   787 | D:1      | 787 ||| DROPPING scroll of noise.
  1028 | D:2      | Found Xauh Wei's Distillery.
  1038 | D:2      | 1038 ||| SHOPLISTING potion of cancellation (80 gold, have
                  | 77).
  1038 | D:2      | 1038 ||| BUYING potion of curing (30 gold).
  1038 | D:2      | Bought a potion of curing for 30 gold pieces
  1038 | D:2      | 1038 ||| BUYING potion of curing (30 gold).
  1038 | D:2      | Bought a potion of curing for 30 gold pieces
  1038 | D:2      | 1038 ||| SHOPLISTING potion of curing (30 gold, have 17).
  1038 | D:2      | 1038 ||| SHOPLISTING potion of haste (100 gold, have 17).
  1038 | D:2      | 1038 ||| SHOPLISTING potion of heal wounds (50 gold, have
                  | 17).
  1038 | D:2      | 1038 ||| SHOPLISTING potion of mutation (80 gold, have 17).
  1197 | D:2      | 1197 ||| FLEEEEING.
  1198 | D:2      | 1198 ||| FLEEEEING.
  1199 | D:2      | 1199 ||| FLEEEEING.
  1200 | D:2      | 1200 ||| FLEEEEING.
  1201 | D:2      | 1201 ||| FLEEEEING.
  1202 | D:2      | 1202 ||| FLEEEEING.
  1394 | D:2      | 1394 ||| READING scroll labelled COCUGOIRPHU.
  1395 | D:2      | 1395 ||| READING scroll labelled ULUBBE PEUGGETOR.
  1399 | D:2      | 1399 ||| READING scroll labelled GIMY DEKLIAWOI.
  1526 | D:3      | Reached XP level 4. HP: 38/38 MP: 3/3
  1706 | D:3      | Reached skill level 6 in Ranged Weapons
  2304 | D:3      | Found a shadowy altar of Dithmenos.
  2311 | D:3      | 2311 ||| UPGRADING to +2 leather armour of poison
                  | resistance.
  2321 | D:3      | 2321 ||| DROPPING +0 leather armour.
  2322 | D:3      | 2322 ||| READING 2 scrolls of identify.
  2322 | D:3      | 2322 ||| IDENTIFYING bubbling red potion
  2323 | D:3      | 2323 ||| DROPPING potion of degeneration.
  2490 | D:4      | Noticed an ogre
  2493 | D:4      | Killed an ogre
  2494 | D:4      | Reached XP level 5. HP: 46/46 MP: 4/4
  2666 | D:4      | Reached skill level 7 in Ranged Weapons
  3025 | D:4      | Reached XP level 6. HP: 52/52 MP: 5/5
  3038 | D:4      | Found a staircase to the Ecumenical Temple.
  3039 | D:4      | 3039 ||| PLANNING TEMPLE
  3039 | D:4      | 3039 ||| READING scroll labelled ZYIMMERRET.
  3040 | D:4      | 3040 ||| READING 2 scrolls of identify.
  3040 | D:4      | 3040 ||| IDENTIFYING brown potion
  3041 | D:4      | 3041 ||| DROPPING potion of berserk rage.
  3050 | Temple   | Entered the Ecumenical Temple
  3201 | Temple   | 3201 ||| PLANNING D:1-11
  3526 | D:5      | Entered Level 5 of the Dungeon
  3545 | D:5      | Reached skill level 8 in Ranged Weapons
  3604 | D:5      | 3604 ||| Stepping ~*~*~tactically~*~*~ (outnumbered).
  3614 | D:5      | Reached skill level 3 in Dodging
  3614 | D:5      | Reached XP level 7. HP: 37/61 MP: 6/6
  3617 | D:5      | Reached skill level 1 in Armour
  3954 | D:5      | Reached skill level 9 in Ranged Weapons
  4066 | D:5      | 4066 ||| Stepping ~*~*~tactically~*~*~ (outnumbered).
  4076 | D:5      | Reached skill level 6 in Fighting
  4169 | D:5      | Noticed a steam dragon
  4176 | D:5      | Killed a steam dragon
  4177 | D:5      | Reached XP level 8. HP: 36/70 MP: 7/7
  4355 | D:5      | Reached skill level 10 in Ranged Weapons
  4636 | D:5      | 4636 ||| READING scroll labelled XIHA LOGEKEN.
  4637 | D:5      | 4637 ||| READING 2 scrolls of identify.
  4637 | D:5      | 4637 ||| IDENTIFYING smoky white potion
  4638 | D:5      | 4638 ||| DROPPING potion of invisibility.
  4983 | D:6      | 4983 ||| SWAPPING to +0 orcbow.
  4984 | D:6      | 4984 ||| DROPPING +0 heavy shortbow.
  5016 | D:6      | HP: 15/67 [wight/+0 dire flail (4)]
  5052 | D:6      | Reached skill level 11 in Ranged Weapons
  5317 | D:6      | Found a runed translucent gate.
  5318 | D:6      | Found a runed translucent gate.
  5318 | D:6      | Found a runed translucent gate.
  5320 | D:6      | Noticed qw's ghost (amateur GrFi)
  5443 | D:6      | 5443 ||| UPGRADING to +0 cloak.
  5448 | D:6      | 5448 ||| READING 2 scrolls of enchant armour.
  5448 | D:6      | 5448 ||| ENCHANTING +0 cloak.
  5449 | D:6      | 5449 ||| READING scroll of enchant armour.
  5449 | D:6      | 5449 ||| ENCHANTING +1 cloak.
  5472 | D:7      | Found a transporter.
  5503 | D:7      | Reached XP level 9. HP: 79/79 MP: 8/8
  5555 | D:7      | Identified the +0 robe of Makhleb's Pride {rC+}
  5589 | D:7      | Identified the +0 buckler of the Equator {Fly}
  5604 | D:7      | Found an iron altar of Okawaru.
  5605 | D:7      | 5605 ||| PLANNING OKAWARU WORSHIP
  5605 | D:7      | 5605 ||| DROPPING +0 robe of Makhleb's Pride {rC+}.
  5606 | D:7      | 5606 ||| READING 2 scrolls of identify.
  5606 | D:7      | 5606 ||| IDENTIFYING black potion
  5607 | D:7      | 5607 ||| DROPPING potion of lignification.
  5626 | D:7      | Became a worshipper of Warmaster Okawaru
  5626 | D:7      | 5626 ||| PLANNING D:1-11
  5657 | D:7      | Found a glowing silver altar of Zin.
  5812 | D:7      | Noticed a troll
  5819 | D:7      | Killed a troll
  5868 | D:7      | Found a transporter.
  5939 | D:7      | Identified the ring of Udyorut {Will+ MP+9 Int+3}
  6112 | D:7      | 6112 ||| READING 4 scrolls of identify.
  6112 | D:7      | 6112 ||| IDENTIFYING metallic emerald potion
  6113 | D:7      | 6113 ||| READING 3 scrolls of identify.
  6113 | D:7      | 6113 ||| IDENTIFYING fizzy cyan potion
  6114 | D:7      | 6114 ||| READING 2 scrolls of identify.
  6114 | D:7      | 6114 ||| IDENTIFYING red potion
  6159 | D:8      | Reached * piety under Okawaru
  6164 | D:8      | 6164 ||| Stepping ~*~*~tactically~*~*~ (outnumbered).
  6196 | D:8      | Reached skill level 12 in Ranged Weapons
  6196 | D:8      | Reached skill level 1 in Invocations
  6196 | D:8      | 6196 ||| INVOKING Heroism.
  6204 | D:8      | HP: 17/79 [yak (9)]
  6205 | D:8      | 6205 ||| DRINKING potion of heal wounds.
  6210 | D:8      | 6210 ||| INVOKING Heroism.
  6218 | D:8      | HP: 16/81 [yak (5)]
  6224 | D:8      | HP: 10/81 [yak (1)]
  6228 | D:8      | Reached skill level 3 in Invocations
  6230 | D:8      | 6230 ||| FLEEEEING.
  6231 | D:8      | 6231 ||| INVOKING Heroism.
  6233 | D:8      | HP: 6/81 [orc/+0 trident (6)]
  6235 | D:8      | 6235 ||| FLEEEEING.
  6236 | D:8      | 6236 ||| FLEEEEING.
  6237 | D:8      | 6237 ||| FLEEEEING.
  6238 | D:8      | 6238 ||| FLEEEEING.
  6239 | D:8      | 6239 ||| FLEEEEING.
  6240 | D:8      | 6240 ||| FLEEEEING.
  6241 | D:8      | 6241 ||| FLEEEEING.
  6242 | D:8      | 6242 ||| FLEEEEING.
  6243 | D:8      | 6243 ||| FLEEEEING.
  6244 | D:8      | 6244 ||| FLEEEEING.
  6245 | D:8      | 6245 ||| FLEEEEING.
  6246 | D:8      | 6246 ||| FLEEEEING.
  6247 | D:8      | 6247 ||| FLEEEEING.
  6248 | D:8      | 6248 ||| STAIRDANCE
  6592 | D:8      | 6592 ||| Stepping ~*~*~tactically~*~*~ (outnumbered).
  6604 | D:8      | Reached ** piety under Okawaru
  6605 | D:8      | Reached XP level 10. HP: 87/88 MP: 11/11
  6611 | D:8      | 6611 ||| Stepping ~*~*~tactically~*~*~ (outnumbered).
  7138 | D:8      | 7138 ||| UPGRADING to +0 pair of gloves.
  7296 | D:9      | Reached skill level 13 in Ranged Weapons
  7297 | D:9      | 7297 ||| INVOKING Heroism.
  7399 | D:9      | 7399 ||| INVOKING Heroism.
  7401 | D:9      | Reached skill level 9 in Fighting
  7405 | D:9      | Reached skill level 6 in Dodging
  7412 | D:9      | Reached skill level 3 in Armour
  7536 | D:9      | Found a staircase to the Lair.
  7566 | D:9      | 7566 ||| UPGRADING to +0 pair of boots.
  7640 | D:9      | 7640 ||| INVOKING Heroism.
  7881 | D:9      | 7881 ||| INVOKING Heroism.
  7891 | D:9      | Reached skill level 14 in Ranged Weapons
  7893 | D:9      | HP: 21/91 [yak (4)]
  7894 | D:9      | 7894 ||| DRINKING potion of heal wounds.
  7903 | D:9      | Reached *** piety under Okawaru
  8144 | D:9      | Identified the ring of the Hurling Coward {Ice Int+4}
  8147 | D:9      | 8147 ||| INVOKING Heroism.
  8199 | D:9      | 8199 ||| INVOKING Heroism.
  8644 | D:9      | 8644 ||| PLANNING LAIR
  8644 | D:9      | 8644 ||| READING scroll labelled PAYRCH VONUOGUTZ.
  8683 | Lair:1   | Entered Level 1 of the Lair of Beasts
  8838 | Lair:1   | Reached XP level 11. HP: 99/99 MP: 13/13
  8892 | Lair:1   | 8892 ||| INVOKING Heroism.
  8903 | Lair:1   | Reached **** piety under Okawaru
  9065 | Lair:1   | Reached skill level 15 in Ranged Weapons
  9116 | Lair:1   | Found a blossoming altar of Fedhas.
  9136 | Lair:1   | Noticed an oklob plant
  9137 | Lair:1   | 9137 ||| INVOKING Heroism.
  9176 | Lair:1   | 9176 ||| INVOKING Heroism.
  9195 | Lair:1   | 9195 ||| INVOKING Heroism.
  9200 | Lair:1   | Killed an oklob plant
  9363 | Lair:1   | 9363 ||| INVOKING Heroism.
  9791 | Lair:2   | 9791 ||| STAIRDANCE
  9835 | Lair:2   | Found a staircase to the Shoals.
  9841 | Lair:2   | 9841 ||| INVOKING Heroism.
  9932 | Lair:2   | 9932 ||| INVOKING Heroism.
  9951 | Lair:2   | Noticed a skyshark
  9965 | Lair:2   | Killed a skyshark
 10098 | Lair:2   | Noticed a boulder beetle
 10099 | Lair:2   | 10099 ||| INVOKING Heroism.
 10121 | Lair:2   | 10121 ||| INVOKING Heroism.
 10132 | Lair:2   | HP: 24/99 [boulder beetle (30)]
 10133 | Lair:2   | 10133 ||| DRINKING 2 potions of heal wounds.
 10138 | Lair:2   | Killed a boulder beetle
 10313 | Lair:2   | Noticed a five-headed hydra
 10314 | Lair:2   | 10314 ||| INVOKING Heroism.
 10323 | Lair:2   | Killed a five-headed hydra
 10324 | Lair:2   | Reached skill level 16 in Ranged Weapons
 10356 | Lair:2   | 10356 ||| READING scroll of enchant armour.
 10356 | Lair:2   | 10356 ||| ENCHANTING +0 pair of gloves.
 10366 | Lair:2   | Noticed a death yak
 10366 | Lair:2   | Noticed a death yak
 10367 | Lair:2   | 10367 ||| INVOKING Heroism.
 10367 | Lair:2   | Noticed a death yak
 10369 | Lair:2   | Noticed a death yak
 10387 | Lair:2   | HP: 24/101 [blink frog (11)]
 10388 | Lair:2   | 10388 ||| READING scroll of teleportation.
 10389 | Lair:2   | 10389 ||| DRINKING potion of heal wounds.
 10389 | Lair:2   | HP: 9/101 [death yak (12)]
 10389 | Lair:2   | Mangled by a death yak

Levels and vault maps discovered:
D:1:      elethiomel_arrival_diamonds, layout_loops_ring, minmay_lizard_pond
D:2:      layout_basic, serial_shops, shop, minmay_misc_feat_doors
D:3:      layout_basic, mainiacjoe_overflow_alcove_2, minmay_pentangle
D:4:      layout_layer_cave, temple_fountains
D:5:      kb_forest_paths, layout_gridville, st_stairs_14
D:6:      layout_rooms, ebering_ghost_rock_garden
D:7:      layout_loops_ring, okawaru_metal_pillars_1_2,
          mainiacjoe_overflow_brackets, gammafunk_ghost_gnarly_gnolls
D:8:      layout_loops_ring, special_room [special_room_orc]
D:9:      layout_layer_cave, due_lair_maze_entry_diamond
Temple:   nicolae_temple_bog_church
Lair:1:   layout_roguey, small_statue_intersection, tgw_fedhas
Lair:2:   lemuel_ratsnest, layout_layer_cave, elwin_shoals_entry_rocks,
          beast_lair_carwin_4

Skill      XL: |  1  2  3  4  5  6  7  8  9 10 11 |
---------------+----------------------------------+-----
Ranged Weapons | 5 6 7 8 9 11 12 14 16 | 16.2
Fighting       | 3 4 5 6 7 8 10 | 10.3
Dodging        | 3 4 5 6 7 |  7.0
Armour         | 1 2 4 |  4.1
Invocations    | 3 4 |  4.4
Stealth        | |  0.7

Action                     |  1- 3 |  4- 6 |  7- 9 | 10-12 || total
---------------------------+-------+-------+-------+-------++-------
   Fire: Shortbow          |   145 |    96 |   131 |       ||   372
         Orcbow            |       |       |   226 |   457 ||   683
 Invoke: Heroism           |       |       |     3 |    17 ||    20
    Use: Scroll            |     7 |     3 |     8 |     3 ||    21
         Potion            |       |       |     1 |     3 ||     4
 Armour: Leather armour    |    14 |    18 |    60 |    83 ||   175
  Dodge: Dodged            |    33 |    27 |   178 |   221 ||   459

Table legend:
 A = Non-vault XP
 B = Vault XP
 C = Vault XP percentage of total XP
 D = Non-vault monster count
 E = Vault monster count
 F = Vault count percentage of total count
                 A         B        C        D         E       F
            +---------+---------+-------+---------+---------+-------
      Total |   15208 |    2766 |  15.4 |     210 |      65 |  23.6
            +---------+---------+-------+---------+---------+-------
        D:1 |      33 |      16 |  32.7 |      20 |      15 |  42.9
        D:2 |      45 |       0 |   0.0 |      21 |       0 |   0.0
        D:3 |      35 |      23 |  39.7 |      18 |       5 |  21.7
        D:4 |     241 |       0 |   0.0 |      16 |       0 |   0.0
        D:5 |     720 |     557 |  43.6 |      26 |       9 |  25.7
        D:6 |    1057 |       0 |   0.0 |      20 |       0 |   0.0
        D:7 |     899 |       0 |   0.0 |      14 |       0 |   0.0
        D:8 |    2112 |     246 |  10.4 |      22 |      25 |  53.2
        D:9 |    3046 |    1329 |  30.4 |      29 |      10 |  25.6
     Lair:1 |    2705 |     595 |  18.0 |      15 |       1 |   6.2
     Lair:2 |    4315 |       0 |   0.0 |       9 |       0 |   0.0
            +---------+---------+-------+---------+---------+-------
